 Dungeon Crawl Stone Soup version 0.29.1-2-gbd0b4ee654 (webtiles) character file.

Game seed: 3247313585500650333

56 Hiippo the Trooper (level 3, 0/31 HPs)
             Began as a Palentonga Abyssal Knight on Nov 29, 2022.
             Was a Believer of Lugonu.
             Succumbed to a goblin's poison
             ... on level 3 of the Dungeon.
             The game lasted 00:18:20 (1959 turns).

Hiippo the Trooper (Palentonga Abyssal Knight)      Turns: 1959, Time: 00:18:21

Health: 0/31       AC:  5    Str: 20    XL:     3   Next: 69%
Magic:  5/5        EV:  9    Int: 10    God:    Lugonu [**....]
Gold:   85         SH:  0    Dex: 10    Spells: 0/2 levels left

rFire   + + +      SeeInvis +   a - +1 falchion
rCold   + + .      Faith    .   (no shield)
rNeg    . . .      Spirit   .   b - +0 leather armour
rPois   +          Reflect  .   k - +0 helmet
rElec   +          Harm     .   (no cloak)
rCorr   +          Rampage  .   (no gloves)
Will    .....                   (no barding)
Stlth   +.........              (no amulet)
HPRegen 0.10/turn               l - ring of protection from fire
MPRegen 0.09/turn               c - ring of Bewiej {rF+ rC+ rCorr}

@: lethally poisoned (0 -> -2), resistant
A: large, rugged brown scales 3, see invisible, deformed body, roll 1, armoured
tail
a: Rolling Charge, Renounce Religion, Depart the Abyss, Bend Space


You were on level 3 of the Dungeon.
You worshipped Lugonu.
Lugonu was pleased with you.
You visited 1 branch of the dungeon, and saw 3 of its levels.
You visited the Abyss 1 time.

You collected 85 gold pieces.

Inventory:

Hand Weapons
 a - a +1 falchion (weapon)
Missiles
 e - 4 large rocks
 i - 4 javelins
Armour
 b - a +0 leather armour (worn)
 k - a +0 helmet (worn)
Jewellery
 c - the ring of Bewiej (right hand) {rF+ rC+ rCorr}
   (You acquired it on level 2 of the Dungeon)

   [ring of protection from cold]

   rF:        It protects you from fire.
   rC:        It protects you from cold.
   rCorr:     It protects you from acid and corrosion.
 l - a ring of protection from fire (left hand)
 o - a +4 ring of evasion
Scrolls
 f - a scroll of identify
 g - a scroll of fear
 h - a scroll of amnesia
 n - 2 scrolls of teleportation
Potions
 d - a potion of resistance
 j - 3 potions of degeneration


   Skills:
 + Level 3.6 Fighting
 + Level 2.8 Long Blades
 - Level 1.5 Armour
 - Level 0.7 Dodging
 + Level 3.0 Invocations


You couldn't memorise any spells.
You knew the following spells:

 Your Spells              Type           Power      Damage    Failure   Level
a - Slow                  Hex            0%         N/A       41%         1
b - Necrotise             Necr           0%         1d4       41%         1

Your spell library contained the following spells:

 Spells                   Type           Power      Damage    Failure   Level
 Summon Small Mammal      Summ           0%         N/A       41%         1
 Dazzling Flash           Conj/Hex       0%         N/A       78%         3
 Vampiric Draining        Necr           0%         2d6       78%         3
 Agony                    Necr           0%         N/A       100%        5
 Silence                  Hex/Air        0%         N/A       100%        5
 Summon Horrible Things   Summ           0%         N/A       100%        8


Dungeon Overview and Level Annotations

Branches:
Dungeon (3/15)

Altars:
Makhleb

Annotations:
D:3 Jessica


Innate Abilities, Weirdness & Mutations

You are completely covered in rugged brown scales. (AC +3, +7% HP)
You have supernaturally acute eyesight. (SInv)
Armour fits poorly on your strangely shaped body.
You can roll at nearby foes to attack.
You have a long armoured tail.


Message History

You are more poisoned.
You feel very sick.
You feel very sick.
You feel very sick. The goblin attacks as you move away!
The goblin closely misses you.
You feel sick. The goblin attacks as you move away!
The goblin hits you but does no damage.
You are lethally poisoned!
You feel very sick.
Jessica casts a spell.
Jessica blinks!
You feel very sick.
Read: 2 scrolls of fear
Press: ? - help, Q - select action, (/) - cycle Dir - look around, f - activate You can't see that place.
As you read the scroll of fear, it crumbles to dust.
You assume a fearsome visage.
The goblin looks frightened!
The ogre looks frightened!
The orc looks frightened!
The frilled lizard looks frightened!
* * * LOW HITPOINT WARNING * * *
You feel very sick.
* * * LOW HITPOINT WARNING * * *
You feel sick.
* * * LOW HITPOINT WARNING * * *
You feel sick.
Cornered, the ogre turns to fight!
The goblin screams, "Help!"
* * * LOW HITPOINT WARNING * * *
You feel sick.
* * * LOW HITPOINT WARNING * * *
You feel sick.
Cornered, the goblin turns to fight!
There is an open door here.
* * * LOW HITPOINT WARNING * * *
You feel sick.
There is a lethal amount of poison in your body!
There is a lethal amount of poison in your body!
* * * LOW HITPOINT WARNING * * *
You feel sick.
Okay, then.
You feel protected.
You die...

#.# #g# #.#
###O#
#######.g.#
#.........#
####.#######.#
.....#.....#.#
#..#....@#.#
##.#.._..'.#
#.#.....#.#
#†#.....#.#
#.#######.#
#.........#
#........##
#.######## ###
###.#


You could see an ogre and 2 goblins.

Vanquished Creatures
  3 dart slugs
  10 ball pythons
  5 bats
  5 endoplasms
  3 giant cockroaches
  5 goblins
  6 hobgoblins
  2 quokkas
  A kobold (D:2)
  2 rats (D:1)
42 creatures vanquished.

Vanquished Creatures (others)
  A plant (D:1)
1 creature vanquished.

Grand Total: 43 creatures vanquished

Notes
Turn   | Place    | Note
-------+----------+-------------------------------------------
     0 | Abyss:1  | Hiippo the Palentonga Abyssal Knight began the quest for
                  | the Orb.
     0 | Abyss:1  | Reached XP level 1. HP: 19/19 MP: 2/2
     0 | D:1      | Escaped the Abyss
    49 | D:1      | Found a faded altar of an unknown god.
    89 | D:1      | Reached XP level 2. HP: 8/25 MP: 3/3
   685 | D:1      | Reached XP level 3. HP: 29/31 MP: 4/4
  1789 | D:2      | Identified a scroll of acquirement
  1789 | D:2      | Acquired the ring of Bewiej {rF+ rC+ rCorr}
  1837 | D:3      | Got the Parchment of Fate
  1840 | D:3      | Learned a level 1 spell: Slow
  1885 | D:3      | Learned a level 1 spell: Necrotise
  1894 | D:3      | Found a burning altar of Makhleb.
  1943 | D:3      | Noticed Jessica
  1943 | D:3      | Noticed an ogre
  1958 | D:3      | HP: 1/31 [poisoned by a goblin]
  1959 | D:3      | Succumbed to a goblin's poison

Illustrated notes

Levels and vault maps discovered:
D:1:      saegor_arrival_under_anarchy, layout_rooms, basic_ecumenical_altar
D:2:      layout_basic
D:3:      layout_basic, amcnicky_altar_gilded, nicolae_overflow_crystal_walls,
          serial_shops, nicolae_shop_hallway_plus, kennysheep_generic_room_9,
          uniq_jessica

Skill      XL: |  1  2  3 |
---------------+----------+-----
Invocations    | 3 |  3.0
Fighting       | |  3.6
Long Blades    | |  2.8
Armour         | |  1.5
Dodging        | |  0.7

Action                   || total
-------------------------++-------
Melee: Falchion          ||    90
       Tailslap          ||     6
Throw: Javelin           ||     2
Invok: Depart the Abyss  ||     1
 Abil: Rolling Charge    ||    28
  Use: Scroll            ||     7
       Potion            ||     3
Armor: Leather armour    ||    24
Dodge: Dodged            ||    42
